 Dungeon Crawl Stone Soup version 0.28-a0-1002-gf00fe891ef (webtiles) character file.

Game seed: 11629568725906079653

182 fragbeetle the Covered (level 5, -4/47 HPs)
             Began as a Minotaur Fighter on Dec 7, 2021.
             Killed by nerve-wracking pain
             ... invoked by Grinder
              (11 damage)
             ... on level 3 of the Dungeon.
             The game lasted 00:06:41 (2297 turns).

fragbeetle the Covered (Minotaur Fighter)           Turns: 2297, Time: 00:06:42

Health: -4/47      AC:  8    Str: 21    XL:     5   Next: 34%
Magic:  0/4        EV:  9    Int:  7    God:
Gold:   88         SH:  4    Dex:  9    Spells: 4/4 levels left

rFire   . . .      SeeInvis .   a - +0 war axe
rCold   + . .      Faith    .   c - +0 buckler
rNeg    . . .      Spirit   +   b - +0 scale mail
rPois   .          Reflect  .   (helmet restricted)
rElec   .          Harm     .   (no cloak)
rCorr   .          Rampage  .   h - +0 pair of gloves
Will    .....                   (no boots)
Stlth   ..........              r - amulet of guardian spirit
HPRegen 0.15/turn               g - ring of protection from cold
MPRegen 0.09/turn               (no ring)

@: no status effects
A: horns 2, retaliatory headbutt
a: no special abilities


You were on level 3 of the Dungeon.
You visited 1 branch of the dungeon, and saw 3 of its levels.

You collected 140 gold pieces.
You spent 52 gold pieces at shops.

Inventory:

Hand Weapons
 a - a +0 war axe (weapon)
Missiles
 i - 4 boomerangs (quivered)
 k - 5 javelins
 s - a throwing net
Armour
 b - a +0 scale mail (worn)
 c - a +0 buckler (worn)
 h - a +0 pair of gloves (worn)
Jewellery
 g - a ring of protection from cold (left hand)
 r - an amulet of guardian spirit (around neck)
Scrolls
 e - 4 scrolls of identify {unknown}
 j - 3 scrolls of brand weapon {unknown}
 l - a scroll of magic mapping {unknown}
 t - a scroll of enchant weapon {unknown}
Potions
 d - 2 potions of might
 f - 3 potions of brilliance {unknown}
 m - a potion of heal wounds {unknown}
 n - a potion of attraction {unknown}
 o - a potion of curing {unknown}
 p - a potion of degeneration
 q - a potion of lignification


   Skills:
 + Level 4.6 Fighting
 + Level 4.5 Axes
 + Level 5.0 Armour
 + Level 4.2 Shields


You had 4 spell levels left.
You didn't know any spells.
Your spell library contained the following spells:

 Spells                   Type           Power      Damage    Failure   Level
 Static Discharge         Conj/Air       0%         N/A       88%         2
 Dazzling Flash           Conj/Hex       0%         N/A       98%         3
 Stone Arrow              Conj/Erth      0%         3d7       98%         3
 Animate Armour           Summ/Erth      0%         N/A       100%        4
 Dispel Undead            Necr           0%         3d6       100%        4
 Iskenderun's Mystic Bla  Conj/Tloc      0%         2d3       100%        4
 Sticky Flame             Conj/Fire      0%         2d3       100%        4
 Starburst                Conj/Fire      0%         6d3       100%        6
 Lehudib's Crystal Spear  Conj/Erth      0%         10d2      100%        8


Dungeon Overview and Level Annotations

Branches:
Dungeon (3/15)

Altars:
Zin

Shops:
D:2 !

Annotations:
D:3 Grinder


Innate Abilities, Weirdness & Mutations

You have a pair of horns on your head.
You reflexively headbutt those who attack you in melee.


Message History

Grinder gestures at you.
You suddenly lose the ability to move!
Grinder hits you.
You writhe in agony.
You can move again.
You closely miss Grinder. Your headbutt misses Grinder.
Grinder hits you but does no damage.
You slash Grinder! You headbutt Grinder.
Grinder is moderately wounded.
Grinder hits you but does no damage.
You hit Grinder.
Grinder is moderately wounded.
Grinder hits you but does no damage.
You hit Grinder. Your headbutt misses Grinder.
Grinder is heavily wounded.
Grinder gestures at you.
You suddenly lose the ability to move!
Grinder hits you. Grinder gestures at you. Pain shoots through your body!
Grinder hits you but does no damage. Grinder hits you.
Grinder hits you but does no damage. x2
You can move again.
You slash Grinder! You headbutt Grinder!
Grinder is almost dead.
Grinder hits you!
You writhe in agony.
You barely miss Grinder. Your headbutt misses Grinder.
Grinder is almost dead.
Grinder hits you.
You barely miss Grinder.
Grinder is almost dead.
Grinder gestures at you. Pain shoots through your body!
* * * LOW HITPOINT WARNING * * *
Grinder hits you!
* * * LOW HITPOINT WARNING * * *
You closely miss Grinder.
Grinder is almost dead.
Grinder gestures at you. Pain shoots through your body!
You die...

..#....####.####)#.........#
..#....# #.####)#.######.##
..#....# #......#.# #.#
..###### #######.#.## #.#
######## #...^.#÷...#####.####
........ #.....#....#........#
†....... #.....#.............#
........##.....#....#........#
...............#@...#........#
...............5....#.....####
...............#.####.....#
...............#.# #.....#
............####.# #.....#
#######.... #.# ####### .. #.#
. #.# #.#


You could see Grinder.

Vanquished Creatures
  4 adders
  6 gnolls (D:3)
  3 worms (D:2)
  A dart slug (D:2)
  3 orcs (D:3)
  9 bats
  5 endoplasms
  4 giant cockroaches
  3 goblins
  9 hobgoblins
  2 jackals (D:1)
  2 quokkas
  5 ball pythons
  5 frilled lizards
  4 kobolds
  10 rats
75 creatures vanquished.

Vanquished Creatures (others)
  2 plants (D:1)
2 creatures vanquished.

Grand Total: 77 creatures vanquished

Notes
Turn   | Place    | Note
-------+----------+-------------------------------------------
     0 | D:1      | fragbeetle the Minotaur Fighter began the quest for the
                  | Orb.
     0 | D:1      | Reached XP level 1. HP: 19/19 MP: 0/0
   327 | D:1      | Reached XP level 2. HP: 27/27 MP: 1/1
   381 | D:1      | Reached skill level 4 in Armour
   516 | D:1      | Found a faded altar of an unknown god.
   787 | D:2      | Reached XP level 3. HP: 33/33 MP: 2/2
  1060 | D:2      | Found Haurit's Distillery.
  1080 | D:2      | Bought a potion of degeneration for 13 gold pieces
  1080 | D:2      | Bought a potion of lignification for 39 gold pieces
  1279 | D:2      | Reached XP level 4. HP: 39/41 MP: 3/3
  1487 | D:3      | Found a glowing silver altar of Zin.
  2003 | D:3      | Reached XP level 5. HP: 34/47 MP: 4/4
  2015 | D:3      | Reached skill level 5 in Armour
  2271 | D:3      | Noticed Grinder
  2272 | D:3      | Paralysed by Grinder for 4 turns
  2283 | D:3      | Paralysed by Grinder for 2 turns
  2288 | D:3      | Paralysed by Grinder for 6 turns
  2297 | D:3      | Killed from afar by Grinder

Illustrated notes

Levels and vault maps discovered:
D:1:      dpeg_arrival_refuge, layout_rooms, serial_forest,
          infiniplex_forest_lined_corner, infiniplex_forest_end_1,
          infiniplex_forest_lined_room_, infiniplex_forest_clump_tiny,
          infiniplex_forest_clump_double, infiniplex_forest_lined_2,
          infiniplex_forest_side_room, infiniplex_forest_lined_room_2,
          infiniplex_forest_straight_1, hellmonk_ecumenical_altar_heavens_door,
          roderic_serpentine_path, minmay_shallow_snake_nest
D:2:      layout_loops_ring, serial_shops, nicolae_shop_hallway_stairs,
          st_stairs_5
D:3:      layout_basic, zin_academy, uniq_grinder, uniq_jessica

Skill      XL: |  1  2  3  4  5 |
---------------+----------------+-----
Fighting       | 4 |  4.6
Shields        | 4 |  4.2
Armour         | 4 5 |  5.0
Axes           | 3 4 |  4.5

Action                   |  1- 3 |  4- 6 || total
-------------------------+-------+-------++-------
Melee: War axe           |    77 |    68 ||   145
       Headbutt          |    12 |    12 ||    24
Armor: Scale mail        |    35 |    37 ||    72
Dodge: Dodged            |    42 |    34 ||    76
Block: Buckler           |    17 |    13 ||    30

Table legend: (Time is in decaauts)
 A = Elapsed time spent in this place.
 B = Non-inter-level travel time spent in this place.
 C = Inter-level travel time spent in this place.
 D = Time resting spent in this place.
 E = Time spent auto-exploring this place.
 F = Levels seen in this place.
 G = Mean time per level.
                   A        B        C        D        E       F      G
               +--------+--------+--------+--------+--------+-----+--------+
         Total |   2345 |   2345 |      0 |      0 |   1682 |   3 |  781.7 |
       Dungeon |   2345 |   2345 |      0 |      0 |   1682 |   3 |  781.7 |
               +--------+--------+--------+--------+--------+-----+--------+

Top non-repeatable levels by time:
     D:3: 914 daAuts
     D:1: 793 daAuts
     D:2: 637 daAuts
